 Dungeon Crawl Stone Soup version bcrawl-1.28 (webtiles) character file.

Game seed: 5509353794401793852

461322 Quickbrownfox the Cruncher (level 13, 0/108 HPs)
             Began as a Demonspawn Archaeologist on Nov 16, 2020.
             Was a Believer of Okawaru.
             Slain by a sixfirhy (11 damage)
             ... summoned by an orc high priest
             ... in the Orcish Mines.
             The game lasted 00:55:48 (16979 turns).

Quickbrownfox the Cruncher (DsAc)                  Turns: 16979, Time: 00:55:49

Health: 0/108      AC: 25    Str: 15    XL:     13   Next: 87%
Magic:  14/14      EV: 18    Int: 18    God:    Okawaru [**....]
Gold:   1737       SH: 12    Dex: 23    Spells: 12/12 levels left

rFire    + . .     SeeInvis .   N - +4 flail of the Lame Duck {flame, rF+}
rCold    + + .     Gourm    .   U - +0 medium shield
rNeg     . . .     Faith    +   f - +7 Kryia's mail coat {PotionHeal*2 rC+ RMsl}
rPois    .         Spirit   .   (helmet unavailable)
rElec    .         Reflect  .   C - +1 cloak
rCorr    .         Harm     .   r - +0 pair of gloves
MR       +....                  d - +1 pair of boots
Stlth    ++++......             v - amulet of faith
HPRegen  0.28/turn              x - +7 ring of dexterity
MPRegen  0.14/turn              o - +3 ring of protection

@: agile, lethally poisoned (0 -> -3), studying Shields, repel missiles
A: claws 2, horns 3, talons 1, cold resistance 1, magic resistance 1, powered by
death 2, robust 1, shaggy fur 1
a: Heroism, Renounce Religion


You were in the Orcish Mines.
You worshipped Okawaru.
Okawaru was pleased with you.
You were hungry.

You visited 4 branches of the dungeon, and saw 19 of its levels.
You also visited: Ossuary.

You collected 1737 gold pieces.

Inventory:

Hand Weapons
 h - a +3 dagger of venom
 D - a +4 quarterstaff of chaos
 N - the +4 flail of the Lame Duck (weapon) {flame, rF+}
   (You found it on level 10 of the Dungeon)

   It has been specially enchanted to surge with flame as it hits, increasing
   damage dealt by approximately one third against foes not resistant or
   susceptible to fire.
   It protects you from fire.
Missiles
 n - 460 poisoned tomahawks (quivered)
 z - 106 javelins
 M - a throwing net {=f}
Armour
 b - the cursed +1 leather armour "Niestuel" {*Slow rN+ Str+3 Int+10, unknown}
   (You found it on level 4 of the Lair of Beasts)

   It affects your strength (+3).
   It affects your intelligence (+10).
   It protects you from negative energy.
   It may slow you when you take damage.
   It has a curse placed upon it.
 d - a +1 pair of boots (worn)
 f - the +7 Kryia's mail coat (worn) {PotionHeal*2 rC+ RMsl}
   (You acquired it on level 2 of the Dungeon)

   It protects you from cold.
   It protects you from missiles.
 r - a +0 pair of gloves (worn)
 C - a +1 cloak (worn)
 U - a +0 medium shield (worn)
Jewellery
 c - a cursed ring of ice
 o - a +3 ring of protection (right hand)
 q - an uncursed ring of resist corrosion {unknown}
 u - a cursed ring of teleportation {unknown}
 v - an amulet of faith (around neck)
 x - a +7 ring of dexterity (left hand)
 E - an uncursed ring of protection from fire {unknown}
 I - an uncursed ring of insulation {unknown}
 R - an uncursed ring of insulation {unknown}
Wands
 k - a wand of paralysis (22)
 y - a wand of polymorph (16)
 S - a wand of acid (1)
 Y - a wand of disintegration (12)
Scrolls
 a - a scroll of acquirement
 g - 4 scrolls of magic mapping
 i - 3 scrolls of enchant weapon
 j - 6 scrolls of blinking
 l - 11 scrolls of remove curse
 m - 3 scrolls of immolation
 w - 13 scrolls of teleportation
 A - a scroll of fear
 F - 5 scrolls of amnesia
 O - a scroll of vulnerability {unknown}
 X - a scroll of enchant armour {unknown}
 Z - a scroll of fog {unknown}
Potions
 p - 3 potions of resistance
 s - 3 potions of mutation
 t - 3 potions of brilliance
 B - 2 potions of haste
 G - a potion of heal wounds {unknown}
 J - 2 potions of cancellation
 L - a potion of berserk rage {unknown}
 P - a potion of invisibility
 Q - a potion of magic
 T - 2 potions of flight
Books
 K - a manual of Shields
Comestibles
 e - 21 rations {!d}
 V - 2 chunks of flesh


   Skills:
 + Level 8.5 Fighting
 + Level 4.1 Short Blades
 + Level 8.0(10.2) Maces & Flails
 + Level 10.1(11.2) Staves
 + Level 5.9 Throwing
 + Level 9.1 Armour
 + Level 7.9 Dodging
 + Level 7.6 Stealth
 * Level 9.9 Shields
 + Level 1.3 Evocations


You had 12 spell levels left.
You didn't know any spells.
Your spell library contained the following spells:

 Spells                   Type           Power        Failure   Level  Hunger
 Magic Dart               Conj           #...         98%         1    None
 Shock                    Conj/Air       #....        98%         1    None
 Blink                    Tloc           N/A          99%         2    ####...
 Call Imp                 Summ           #.....       99%         2    ####...
 Swiftness                Chrm/Air       #.......     99%         2    ####...
 Conjure Flame            Conj/Fire      #.......     100%        3    #####..
 Mephitic Cloud           Conj/Pois/Air  #.......     100%        3    #####..
 Spider Form              Tmut/Pois      #..          100%        3    #####..
 Static Discharge         Air            #.......     100%        3    #####..
 Airstrike                Air            #.........   100%        4    ######.
 Lightning Bolt           Conj/Air       #.........   100%        5    #######
 Metabolic Englaciation   Hex/Ice        #.........   100%        5    #######
 Bolt of Cold             Conj/Ice       #.........   100%        6    #######
 Freezing Cloud           Ice/Air        #.........   100%        6    #######
 Ozocubu's Refrigeration  Ice            #.........   100%        6    #######
 Simulacrum               Ice/Necr       #.........   100%        6    #######


Dungeon Overview and Level Annotations

Branches:
Dungeon (11/12)            Temple (1/1) D:4            Lair (6/6) D:9
 Shoals (0/3) Lair:4        Snake (0/3) Lair:2          Orc (1/1) D:11
    Elf (0/3) Orc
  Slime: Lair:5-6    Vaults: D:11-12

Altars:
Gozag
Hepliaklqana
Kikubaaqudgha
Nemelex Xobeh
Okawaru
Qazlal
Ru
Sif Muna
Trog
Uskayaw
Wu Jian
Xom
Yredelemnul
Beogh

Annotations:
D:8 2 transporters, yrara's ghost, novice DsFi


Innate Abilities, Weirdness & Mutations

You have very sharp fingernails.
You have a pair of large horns on your head.
You have sharp toenails.
Your flesh is cold resistant. (rC+)
You regenerate health from kills.
You are robust. (+10% HP)
You are resistant to hostile enchantments. (MR+)
You are covered in fur. (AC +1)


Message History

You hear a shout!
You feel sick.
You feel sick.
You feel sick.
You feel sick.
The orc high priest utters an invocation to Beogh.
You feel sick.
You feel sick.
The ynoxinul gestures.
You feel sick. The sixfirhy barely misses you. You block the sixfirhy's attack.
The orc high priest mumbles some strange prayers to Beogh.
You barely miss the sixfirhy. Your headbutt misses the sixfirhy.
You feel sick.
The orc high priest shouts, "You are a heretic and must be destroyed!"
You closely miss the sixfirhy. Your headbutt misses the sixfirhy.
You feel sick.
The ufetubus blinks!
You barely miss the sixfirhy. You block the sixfirhy's attack.
The sixfirhy hits you.
* * * LOW HITPOINT WARNING * * *
The sixfirhy shocks you!
You die...

#...#.###.## #..#...#...#
#....)#)..## #.##.......##
#.##..#.....#
#........#.## #.......####
#..#....# #@##...##
##3#..## #ooo...# #oo.5).#
#.o§..##
#############.3...###
.........#.......o......##
.......$....o..#..).#....#
..................)#))..##


You could see an orc knight, an orc high priest, a sixfirhy, a ynoxinul, 2 orc
warriors, an orc and an ufetubus.

Vanquished Creatures
  An ettin (D:11)
  9 hydras
  Fannar (Orc)
  2 centaur warriors
  An alligator (Lair:5)
  2 two-headed ogres (D:10)
  A tengu warrior (D:10)
  An orc high priest (Orc)
  Sonja (Orc)
  3 skeletal warriors (D:10)
  An unseen horror (D:10)
  2 ugly things (D:10)
  2 orc sorcerers (Orc)
  A manticore (D:10)
  A guardian serpent (Lair:2)
  3 centaur zombies
  2 gargoyles
  11 cane toads
  A black mamba (Lair:3)
  5 komodo dragons
  4 trolls
  A polar bear (Lair:6)
  A snapping turtle (Lair:4)
  10 blink frogs
  6 hippogriffs
  A shadow (D:11)
  Sigmund (D:2)
  19 yaks
  2 wyverns
  3 basilisks
  A hungry ghost (D:10)
  3 wargs (Orc)
  A vampire mosquito (Lair:6)
  6 crocodiles
  Edmund (D:5)
  11 water moccasins
  Purgy (D:3)
  4 porcupines
  2 black bears (D:7)
  2 ice beasts
  13 orc warriors
  3 sky beasts
  2 phantoms
  10 ogres
  8 centaurs
  6 big kobolds
  2 elf zombies (Ossuary)
  11 bullfrogs
  A gnoll sergeant (D:8)
  5 scorpions
  9 killer bees
  2 vampire bats (Lair:1)
  9 wights
  An electric eel (Lair:4)
  A bullfrog zombie (D:8)
  5 crimson imps
  A jelly (D:11)
  2 quasits
  3 hounds
  20 orc wizards
  Crazy Yiuf (D:3)
  2 centaur skeletons
  10 orc priests
  A bullfrog skeleton (D:4)
  4 iguanas
  Ijyb (D:5)
  Natasha (thrice) (D:3)
  4 hell rats (Lair:5)
  2 worker ants
  A big kobold zombie (Ossuary)
  A hound zombie (D:5)
  2 hound skeletons
  4 mummies (Ossuary)
  A worker ant zombie (D:8)
  A howler monkey zombie (D:9)
  3 howler monkey skeletons
  6 gnolls
  10 adders
  5 shadow imps
  2 adder skeletons
  2 adder zombies (Ossuary)
  2 worms (D:4)
  66 orcs
  2 ball pythons
  4 giant cockroaches
  A gnoll zombie (Ossuary)
  6 goblins
  7 hobgoblins
  3 jackals (D:8)
  25 kobolds
  3 quokkas
  A ball python (shapeshifter) (D:10)
  10 bats
  4 frilled lizards
  A goblin zombie (Ossuary)
  A jackal zombie (Ossuary)
  A kobold zombie (Ossuary)
  3 orc zombies (Ossuary)
  A quokka zombie (D:5)
  2 rats
454 creatures vanquished.

Vanquished Creatures (others)
  An unseen horror (D:11)
  9 fungi
  37 plants
47 creatures vanquished.

Grand Total: 501 creatures vanquished

Notes
Turn   | Place    | Note
-------+----------+-------------------------------------------
     0 | D:1      | Quickbrownfox the Demonspawn Archaeologist began the quest
                  | for the Orb.
     0 | D:1      | Reached XP level 1. HP: 15/15 MP: 1/1
   360 | D:1      | Reached skill level 1 in Maces & Flails
   476 | D:1      | Gained mutation: You regenerate a little health from kills.
                  | [demonic ancestry]
   476 | D:1      | Reached XP level 2. HP: 21/21 MP: 2/2
   585 | D:2      | Found a shimmering blue altar of Sif Muna.
   621 | D:2      | Noticed Sigmund
   635 | D:2      | Killed Sigmund
   635 | D:2      | Gained mutation: You have sharp toenails. [demonic
                  | ancestry]
   635 | D:2      | Reached XP level 3. HP: 26/26 MP: 3/3
   635 | D:2      | Gained mutation: You have a pair of small horns on your
                  | head. [demonic ancestry]
   635 | D:2      | Reached XP level 4. HP: 32/32 MP: 4/4
   635 | D:2      | Gained mutation: You have a pair of horns on your head.
                  | [demonic ancestry]
   635 | D:2      | Reached XP level 5. HP: 37/37 MP: 5/5
   635 | D:2      | Identified a scroll of acquirement
   642 | D:2      | Found the +7 Kryia's mail coat {PotionHeal*2 rC+ RMsl}
   795 | D:2      | Noticed a phantom
   855 | D:2      | Killed a phantom
   855 | D:2      | Reached skill level 1 in Short Blades
   855 | D:2      | Reached skill level 1 in Throwing
  1246 | D:2      | Gained mutation: You have sharp fingernails. [demonic
                  | ancestry]
  1246 | D:2      | Reached XP level 6. HP: 43/43 MP: 6/6
  1601 | D:3      | Noticed Purgy
  1618 | D:3      | Noticed Natasha
  1633 | D:3      | Killed Natasha
  1635 | D:3      | Killed Purgy
  1635 | D:3      | Reached skill level 1 in Armour
  1756 | D:3      | Found a shimmering altar of Xom.
  1914 | D:3      | Noticed Natasha
  1971 | D:3      | Gained mutation: You regenerate health from kills. [demonic
                  | ancestry]
  1971 | D:3      | Reached XP level 7. HP: 48/49 MP: 7/7
  2263 | D:3      | Killed Natasha
  2279 | D:3      | Noticed Natasha
  2287 | D:3      | Killed Natasha
  2353 | D:3      | Found a runed door.
  2423 | D:3      | Noticed Crazy Yiuf
  2429 | D:3      | Killed Crazy Yiuf
  2567 | D:4      | Found a staircase to the Ecumenical Temple.
  2619 | D:4      | Reached skill level 1 in Staves
  2619 | D:4      | Reached skill level 5 in Dodging
  2619 | D:4      | Gained mutation: You have a pair of large horns on your
                  | head. [demonic ancestry]
  2619 | D:4      | Reached XP level 8. HP: 29/57 MP: 8/8
  2635 | D:4      | Reached skill level 2 in Staves
  2857 | D:4      | Noticed a troll
  2882 | D:4      | Killed a troll
  2894 | D:4      | Reached skill level 3 in Staves
  2894 | D:4      | Reached skill level 5 in Stealth
  3447 | D:5      | Entered Level 5 of the Dungeon
  3529 | D:5      | Reached XP level 9. HP: 64/64 MP: 9/9
  3757 | D:5      | Noticed Ijyb
  3767 | D:5      | Killed Ijyb
  3767 | D:5      | Reached skill level 4 in Staves
  4016 | D:5      | Noticed Edmund
  4021 | D:5      | Killed Edmund
  4426 | D:6      | Noticed a gargoyle
  4449 | D:6      | Killed a gargoyle
  4449 | D:6      | Reached skill level 5 in Staves
  4477 | D:6      | Found a sand-covered staircase.
  4483 | Ossuary  | Entered an ossuary
  4556 | Ossuary  | Paralysed by fainting for 11 turns
  4881 | D:6      | Reached skill level 6 in Staves
  5569 | D:7      | Noticed a troll
  5580 | D:7      | Killed a troll
  5962 | D:7      | Found a bloodstained altar of Trog.
  5986 | D:7      | Reached skill level 7 in Staves
  5986 | D:7      | Gained mutation: You are robust. (+10% HP) [demonic
                  | ancestry]
  5986 | D:7      | Reached XP level 10. HP: 57/80 MP: 10/10
  6189 | D:7      | Reached skill level 5 in Armour
  6485 | D:8      | Reached skill level 5 in Fighting
  6592 | D:8      | Noticed yrara's ghost (novice DsFi)
  6593 | D:8      | Found a transporter.
  6786 | D:8      | Noticed a two-headed ogre
  6919 | D:8      | Found a transporter.
  6933 | D:8      | Reached skill level 8 in Staves
  7045 | D:8      | Gained mutation: You are somewhat resistant to further
                  | mutation. [potion of mutation]
  7045 | D:8      | Gained mutation: You are somewhat resistant to both further
                  | mutation and mutation removal. [potion of mutation]
  7046 | D:8      | Lost mutation: You are somewhat resistant to both further
                  | mutation and mutation removal. [potion of mutation]
  7046 | D:8      | Lost mutation: You are somewhat resistant to further
                  | mutation. [potion of mutation]
  7046 | D:8      | Gained mutation: You are resistant to hostile enchantments.
                  | (MR+) [potion of mutation]
  7046 | D:8      | Gained mutation: You evolve. [potion of mutation]
  7046 | D:8      | Gained mutation: You are covered in fur. (AC +1) [potion of
                  | mutation]
  7588 | D:9      | Noticed a centaur warrior
  7598 | D:9      | Killed a centaur warrior
  7648 | D:9      | Reached skill level 9 in Staves
  7654 | D:9      | Found a staircase to the Lair.
  7692 | D:9      | Found an ornate altar of the Wu Jian Council.
  7695 | D:9      | Found a stormy altar of Qazlal.
  7708 | D:9      | Gained mutation: Your flesh is cold resistant. (rC+)
                  | [demonic ancestry]
  7708 | D:9      | Reached XP level 11. HP: 66/89 MP: 11/11
  8207 | D:10     | Entered Level 10 of the Dungeon
  8357 | D:10     | Killed an unseen horror
  8426 | D:10     | Noticed a brown ugly thing
  8427 | D:10     | Noticed a two-headed ogre
  8430 | D:10     | Noticed a tengu warrior
  8430 | D:10     | Noticed a brown ugly thing
  8487 | D:10     | Killed a tengu warrior
  8604 | D:10     | Noticed a five-headed hydra
  8615 | D:10     | Killed a five-headed hydra
  8630 | D:10     | Noticed a two-headed ogre
  8650 | D:10     | Noticed a skeletal warrior
  8651 | D:10     | Killed a two-headed ogre
  8651 | D:10     | Reached skill level 10 in Staves
  8651 | D:10     | Reached skill level 5 in Throwing
  8682 | D:10     | Killed a skeletal warrior
  8682 | D:10     | Reached skill level 1 in Evocations
  8701 | D:10     | Got a scorched flail
  8719 | D:10     | Identified the +4 flail of the Lame Duck {flame, rF+} (You
                  | found it on level 10 of the Dungeon)
  8726 | D:10     | Noticed a skeletal warrior
  8727 | D:10     | Noticed a skeletal warrior
  8743 | D:10     | Lost mutation: You evolve. [evolution]
  8745 | D:10     | Killed a skeletal warrior
  8758 | D:10     | Killed a skeletal warrior
  8919 | D:10     | Killed a two-headed ogre
  9039 | D:11     | Noticed a centaur warrior
  9043 | D:11     | Killed an unseen horror
  9045 | D:11     | Reached XP level 12. HP: 95/97 MP: 12/12
  9053 | D:10     | Killed a centaur warrior
  9166 | D:10     | Reached skill level 1 in Shields
  9361 | D:11     | Found a roughly hewn altar of Beogh.
  9363 | D:11     | Found a staircase to the Orcish Mines.
  9595 | D:11     | Noticed a catoblepas
  9822 | D:11     | Noticed an ettin
  9824 | D:11     | Noticed a fire giant
  9848 | D:11     | Killed an ettin
  9848 | D:11     | Reached skill level 5 in Maces & Flails
 10113 | Lair:1   | Entered Level 1 of the Lair of Beasts
 10307 | Lair:1   | Noticed an eight-headed hydra
 10355 | Lair:1   | Killed an eight-headed hydra
 10808 | Lair:1   | Reached skill level 5 in Shields
 11531 | Lair:2   | Found a staircase to the Snake Pit.
 11851 | Lair:2   | Noticed a four-headed hydra
 11859 | Lair:2   | Killed a four-headed hydra
 12485 | Lair:3   | Noticed an eight-headed hydra
 12498 | Lair:3   | Killed an eight-headed hydra
 12498 | Lair:3   | Gained mutation: You have very sharp fingernails. [demonic
                  | ancestry]
 12498 | Lair:3   | Reached XP level 13. HP: 53/107 MP: 13/13
 13954 | Lair:4   | Got a masterwork leather armour
 14152 | Lair:4   | Found a staircase to the Shoals.
 14359 | Lair:5   | HP: 4/107 [alligator (11)]
 15295 | Lair:6   | Entered Level 6 of the Lair of Beasts
 15975 | Temple   | Entered the Ecumenical Temple
 15981 | Temple   | Became a worshipper of Warmaster Okawaru
 16571 | Orc      | Entered the Orcish Mines
 16571 | Orc      | Found a staircase to the Elven Halls.
 16605 | Orc      | Reached * piety under Okawaru
 16627 | Orc      | Noticed Sonja
 16635 | Orc      | Killed Sonja
 16682 | Orc      | Noticed Fannar
 16707 | Orc      | Killed Fannar
 16707 | Orc      | Reached ** piety under Okawaru
 16979 | Orc      | Slain by a sixfirhy

Skill      XL: |  1  2  3  4  5  6  7  8  9 10 11 12 13 |
---------------+----------------------------------------+-----
Dodging        | 3 4 5 6 7 |  7.9
Maces & Flails | 1 3 6 8 |  8.0
Stealth        | 4 5 7 |  7.6
Short Blades   | 1 2 3 4 |  4.1
Throwing       | 1 2 3 4 5 |  5.9
Armour         | 1 3 4 6 7 8 9 |  9.1
Fighting       | 2 3 4 5 6 7 8 |  8.5
Staves         | 1 3 7 9 10 | 10.1
Evocations     | 1 |  1.3
Shields        | 6 9 |  9.9

Action                   |  1- 3 |  4- 6 |  7- 9 | 10-12 | 13-15 || total
-------------------------+-------+-------+-------+-------+-------++-------
Melee: Dagger            |    31 |    99 |    74 |    49 |       ||   253
       Whip              |     5 |       |       |       |       ||     5
       Headbutt          |       |    15 |    62 |   205 |    87 ||   369
       Quarterstaff      |       |       |   249 |   423 |       ||   672
       Flail             |       |       |       |   399 |   373 ||   772
Throw: Tomahawk          |     6 |    27 |    29 |    46 |    82 ||   190
Evoke: Wand              |       |       |       |    12 |    10 ||    22
  Use: Scroll            |       |     1 |     7 |    11 |     6 ||    25
       Potion            |       |       |       |     8 |     5 ||    13
 Stab: Sleeping          |     2 |     1 |     4 |     9 |     3 ||    19
       Petrifying        |       |       |     2 |     4 |       ||     6
       Paralysed         |       |       |     1 |       |       ||     1
       Petrified         |       |       |       |    15 |       ||    15
       Distracted        |       |       |       |       |     2 ||     2
  Eat: Chunk             |       |     7 |    18 |    42 |    22 ||    89
       Ration            |       |       |     1 |     1 |     1 ||     3
Armor: Robe              |     6 |       |       |       |       ||     6
       Scale mail        |       |    56 |   158 |   572 |   227 ||  1013
Dodge: Dodged            |    23 |    40 |   170 |   461 |   225 ||   919
       Deflected         |       |     5 |     3 |    14 |     1 ||    23
Block: Medium shield     |       |       |       |   188 |   293 ||   481
